AoeStats
← ASHBORN

Arena

510616853Analyzed
4v4 RM · 21h ago on Oct 1, 2026· 46m 34s· 8 players
Game mode
Random Map
Map size
Large (8 player)
Population
200
Speed
Normal
Resources
Standard
Victory
Conquest
Starting age
Dark Age
Ending age
Imperial Age
RankedLock teamsTeams togetherTeam positionsShared explorationLock speedFull tech treeHidden civsTurbo modeCheats
Victory
Defeat
🇺🇸 Danes · United States
1176
+16
🇫🇷 Bohemians · France
1135
+18
1103
+19
🇪🇸 Goths · Spain
1097
+19
🇨🇦 Turks · Canada
1238
-22
🇨🇴 Vietnamese · Colombia
1229
-20
🇨🇴 Cumans · Colombia
1155
-17
🇨🇱 Persians · Chile
1055
-13
ShangDynasty11
11:44 Feudal Age
10:50 Loom
15:16 Castle Age
13:52 Double-Bit Axe
13:50 Horse Collar
17:01 Bow Saw
16:54 Heavy Plow
18:07 Gambesons
18:27 Scale Mail Armor
21:08 Fletching
29:31 Imperial Age
29:38 Forging
30:04 Bodkin Arrow
31:04 Pikeman
31:47 Scale Mail Armor
Cryptomage
12:30 Feudal Age
10:47 Loom
16:22 Castle Age
15:14 Double-Bit Axe
15:10 Horse Collar
17:03 Heavy Plow
18:41 Fortified Wall
19:32 Chemistry
19:38 Bow Saw
27:04 Imperial Age
24:49 Town Watch
26:14 Ballistics
26:53 Wheelbarrow
27:02 Town Patrol
29:25 Siege Engineers
31:35 Two-Man Saw
30:40 Fletching
30:51 Padded Archer Armor
30:33 Pikeman
31:13 Squires
32:00 Bodkin Arrow
33:40 Hand Cart
32:58 Halberdier
35:50 Houfnice
42:27 Forging
42:18 Scale Mail Armor
43:44 Murder Holes
44:01 Masonry
44:10 Leather Archer Armor
44:52 Iron Casting
45:03 Chain Mail Armor
Sleepy the sexy saxon sheppard
11:02 Feudal Age
11:46 Double-Bit Axe
12:40 Horse Collar
16:31 Castle Age
16:34 Light Cavalry
22:45 Bow Saw
26:27 Wheelbarrow
26:40 Husbandry
26:58 Bloodlines
27:00 Scale Barding Armor
28:37 Gold Mining
29:08 Heavy Plow
29:45 Chain Barding Armor
29:37 Forging
31:13 Hand Cart
34:44 Imperial Age
32:01 Loom
33:09 Iron Casting
35:52 Conscription
36:15 Gold Shaft Mining
36:47 Two-Man Saw
36:18 Crop Rotation
35:25 Elite Iron Pagoda
37:03 Plate Barding Armor
37:36 Blast Furnace
38:11 Fortified Wall
38:16 Fletching
38:27 Padded Archer Armor
39:32 Chemistry
38:56 Ballistics
38:47 Masonry
38:41 Fortified Bastions
40:46 Elite Fire Lancer
41:58 Scale Mail Armor
41:59 Squires
46:06 Pikeman
47:16 Leather Archer Armor
ennio2mil
10:19 Feudal Age
12:33 Loom
15:34 Castle Age
14:04 Double-Bit Axe
15:20 Horse Collar
16:54 Bow Saw
16:44 Stone Mining
24:41 Wheelbarrow
27:58 Imperial Age
26:06 Scale Mail Armor
25:57 Fletching
26:18 Forging
26:01 Fletching
26:43 Hand Cart
26:39 Gold Mining
27:04 Town Watch
27:59 Chain Mail Armor
27:18 Man-at-Arms
27:59 Squires
29:25 Iron Casting
28:56 Anarchy
29:18 Conscription
29:02 Perfusion
29:12 Long Swordsman
31:29 Blast Furnace
29:55 Two-Handed Swordsman
31:37 Champion
32:42 Bodkin Arrow
36:56 Pikeman
37:15 Halberdier
40:44 Elite Huskarl
42:08 Ballistics
42:49 Chemistry
41:53 Bracer
8oE. Jonza
9:58 Feudal Age
10:53 Double-Bit Axe
10:56 Horse Collar
11:25 Loom
22:02 Castle Age
20:54 Wheelbarrow
20:20 Gold Mining
21:15 Scale Barding Armor
21:01 Town Watch
21:55 Bloodlines
22:26 Forging
23:50 Chain Barding Armor
23:42 Bow Saw
24:52 Capped Ram
26:33 Town Patrol
27:18 Iron Casting
27:03 Hand Cart
27:16 Heavy Plow
29:44 Gold Shaft Mining
33:27 Imperial Age
31:46 Stone Mining
33:28 Masonry
34:00 Siege Ram
34:01 Cavalier
35:18 Plate Barding Armor
35:44 Blast Furnace
35:46 Two-Man Saw
35:17 Crop Rotation
35:40 Ballistics
36:50 Paladin
41:10 Squires
40:55 Arson
42:54 Scale Mail Armor
42:54 Pikeman
44:33 Chain Mail Armor
44:26 Halberdier
44:59 Fletching
45:40 Murder Holes
46:17 Elite Skirmisher
47:03 Thumb Ring
46:55 Bodkin Arrow
48:02 Chemistry
47:36 Plate Mail Armor
8oE. Monca
10:52 Feudal Age
11:42 Double-Bit Axe
12:23 Double-Bit Axe
14:55 Castle Age
13:02 Double-Bit Axe
20:21 Imperial Age
22:29 Bow Saw
26:17 Wheelbarrow
25:29 Loom
28:18 Padded Archer Armor
28:29 Horse Collar
28:41 Gold Mining
29:48 Leather Archer Armor
30:35 Town Watch
33:18 Ring Archer Armor
34:49 Scale Barding Armor
36:49 Hand Cart
36:37 Artillery
36:58 Conscription
41:59 Husbandry
42:10 Bloodlines
42:12 Forging
ELEG F3R
10:04 Feudal Age
14:57 Castle Age
13:52 Double-Bit Axe
13:51 Horse Collar
16:00 Bow Saw
15:53 Heavy Plow
18:46 Wheelbarrow
17:58 Loom
21:51 Hand Cart
27:29 Gold Mining
27:52 Scale Barding Armor
27:59 Forging
30:51 Imperial Age
30:00 Iron Casting
30:02 Husbandry
30:13 Bloodlines
30:55 Gold Shaft Mining
32:24 Two-Man Saw
31:56 Crop Rotation
31:50 Chain Barding Armor
32:35 Cavalier
34:11 Plate Barding Armor
34:41 Blast Furnace
34:08 Savar
37:07 Chemistry
37:28 Conscription
37:12 Kamandaran
ASHBORN
10:52 Feudal Age
15:28 Castle Age
13:52 Double-Bit Axe
13:49 Horse Collar
15:37 Wheelbarrow
15:56 Stone Mining
23:21 Fletching
24:23 Bodkin Arrow
26:33 Gold Mining
30:25 Imperial Age
29:15 Bow Saw
29:43 Stone Shaft Mining
29:18 Loom
30:24 Ballistics
30:26 Padded Archer Armor
31:19 Stone Shaft Mining
32:11 Chemistry
31:16 Bracer
32:55 Elite Skirmisher
33:53 Imperial Skirmisher
36:04 Pikeman
36:06 Elite Fire Lancer
40:13 Heavy Plow
40:41 Scale Mail Armor
40:51 Forging
42:13 Hand Cart
41:44 Town Watch
42:16 Chain Mail Armor
41:37 Elite Rattan Archer
42:43 Paper Money
44:13 Two-Man Saw
43:33 Squires
43:18 Arson
44:37 Plate Mail Armor
44:43 Iron Casting
47:10 Thumb Ring
Connection lost

Rejoining the realm…

Still unreachable

The connection could not be restored.

Session expired

The server has moved on; the page needs a fresh start.